 Dungeon Crawl Stone Soup version 0.31-a0-188-g5e087ee2ca (webtiles) character file.

Game seed: 10919378677587106062

35 qw the Shooter (level 3, 0/20 HPs)
             Began as a Deep Elf Hunter on June 23, 2023.
             Slain by a gnoll
             ... wielding a +0 flail
              (8 damage)
             ... on level 2 of the Dungeon.
             The game lasted 00:00:18 (1019 turns).

qw the Shooter (Deep Elf Hunter)                    Turns: 1019, Time: 00:00:19

Health: 0/20       AC:  5    Str: 10    XL:     3   Next: 16%
Magic:  5/5        EV: 11    Int: 13    God:
Gold:   72         SH:  0    Dex: 18    Spells: 2/2 levels left

rFire   . . .        Y - +0 shortbow
rCold   . . .        (shield currently unavailable)
rNeg    . . .        j - +0 ring mail
rPois   .            (no helmet)
rElec   .            (no cloak)
rCorr   .            (no gloves)
SInv    .            (no boots)
Will    .....        (no amulet)
Stlth   +            (no ring)
HPRegen 0.23/turn    (no ring)
MPRegen 0.09/turn

%: no passive effects
@: no status effects
A: no striking features
a: no special abilities


You were on level 2 of the Dungeon.
You visited 1 branch of the dungeon, and saw 2 of its levels.

You collected 72 gold pieces.


   Skills:
 - Level 1.5 Fighting
 + Level 6.7 Ranged Weapons
 - Level 2.4 Dodging
 - Level 1.2 Stealth


You had 2 spell levels left.
You didn't know any spells.
Your spell library was empty.

Inventory:

Hand Weapons
 Y - a +0 shortbow (weapon)
Armour
 j - a +0 ring mail (worn)
Jewellery
 c - a +4 ring of protection
Scrolls
 a - 2 scrolls of fog {unknown}
 b - a scroll of identify {unknown}
 g - a scroll of vulnerability {unknown}
Potions
 d - a potion of enlightenment {unknown}
 e - a potion of degeneration {unknown}
 f - a potion of curing {unknown}
 h - a potion of cancellation {unknown}

Dungeon Overview and Level Annotations

Branches:
Dungeon (2/15)

Altars:

Shops:
D:1 (


Message History

A rat comes into view.
Enter note: You shoot an arrow.
The arrow closely misses the rat.
You shoot an arrow. The arrow hits the rat.
You kill the rat!
g - a scroll labelled EMIUBUDEGI
Enter note: As you open the door, it creaks loudly!
You hear a shout! x2
Found a scroll of immolation.
There is an open door here.
Enter note: A kobold comes into view. It is wielding a +0 dagger.
The kobold shouts!
You hear a shout! x2
Enter note: You shoot an arrow.
The arrow hits the kobold.
The kobold is moderately wounded.
You shoot an arrow. The arrow closely misses the kobold.
You shoot an arrow. The arrow barely misses the kobold.
A gnoll comes into view. It is wielding a +0 flail.
You shoot an arrow. The arrow hits the kobold!
You kill the kobold!
You shoot an arrow. The arrow hits the gnoll.
The gnoll is moderately wounded.
You hear a shout!
The gnoll hits you with a +0 flail.
A gnoll comes into view. It is wielding a +0 whip.
You shoot an arrow. The arrow closely misses the gnoll.
The arrow barely misses the gnoll.
The gnoll hits you but does no damage.
You shoot an arrow. The arrow barely misses the gnoll.
The arrow hits the gnoll.
The gnoll is lightly wounded.
You shoot an arrow. The arrow barely misses the gnoll.
The gnoll hits you with a +0 flail. The gnoll hits you but does no damage.
You shoot an arrow.
The arrow hits the gnoll but does no damage.
The gnoll is moderately wounded.
The gnoll hits you with a +0 flail. The gnoll hits you with a +0 whip.
You shoot an arrow. The arrow barely misses the gnoll.
The gnoll hits you with a +0 flail!
You die...

#......# #+#
#.#####..
#.#.#### #.#
#........ #.#.#
#.# ########.
#.#.# #.#####
.......)
####.#.# #.....#
######..
.<...#.#
#.....###### #..
.#####.#
#?.........# #..
.# #.#
#.#'######.# #..
.# #@#.#
.#####.. .#
#.gg#.# ........
.# #.###.#
#######.# .# ...
#.# #.......# .#
..#
#.######.#######
.# ....
#...............
###
########.#######
#.# #.#


You could see 2 gnolls.

Vanquished Creatures
  2 adders (D:2)
  A worm (D:2)
  A bat (D:2)
  3 endoplasms (D:1)
  A goblin (D:1)
  4 kobolds
  A frilled lizard (D:1)
  A rat (D:2)
14 creatures vanquished.

Notes
Turn   | Place    | Note
-------+----------+-------------------------------------------
     0 | D:1      | qw the Deep Elf Hunter began the quest for the Orb.
     0 | D:1      | Reached XP level 1. HP: 12/12 MP: 3/3
     0 | D:1      | 0 ||| qw: Version: 0.3-a-9-g12657ce
     0 | D:1      | 0 ||| qw: Game counter: 3553
     0 | D:1      | 0 ||| qw: Always use a shield: true
     0 | D:1      | 0 ||| qw: God list: Okawaru
     0 | D:1      | 0 ||| qw: Allow faded altars: false
     0 | D:1      | 0 ||| qw: Do Orc after D:15 true
     0 | D:1      | 0 ||| qw: Do second Lair branch before Depths: true
     0 | D:1      | 0 ||| qw: Lair rune preference: random
     0 | D:1      | 0 ||| qw: Plans: Normal
     0 | D:1      | 0 ||| PLANNING D:1-11
   108 | D:1      | Found Umyiceupe's Weapon Emporium.
   568 | D:1      | Reached XP level 2. HP: 12/16 MP: 4/4
   690 | D:1      | 690 ||| UPGRADING to +0 ring mail.
   700 | D:1      | 700 ||| DROPPING +0 leather armour.
   701 | D:1      | 701 ||| READING scroll labelled XIVVYR AVVAEW.
   702 | D:1      | 702 ||| READING scroll labelled YHY KAIBBU.
   706 | D:1      | 706 ||| READING scroll labelled COADORIN BUALO.
   707 | D:1      | 707 ||| DRINKING 2 fuming cyan potions.
   712 | D:1      | 712 ||| DROPPING scroll of butterflies.
   713 | D:1      | 713 ||| DROPPING potion of ambrosia.
   760 | D:2      | Reached skill level 6 in Ranged Weapons
   908 | D:2      | Reached XP level 3. HP: 10/20 MP: 5/5
  1019 | D:2      | Slain by a gnoll

Levels and vault maps discovered:
D:1:      ncdulo_lavacross, layout_loops_corners, serial_shops,
          nicolae_shop_bloodbath_and_beyond
D:2:      layout_basic, dk_vineyard_3

Skill      XL: |  1  2 |
---------------+-------+-----
Ranged Weapons | 6 |  6.7
Fighting       | |  1.5
Dodging        | |  2.4
Stealth        | |  1.2

Action                     || total
---------------------------++-------
   Fire: Shortbow          ||    64
    Use: Scroll            ||     3
         Potion            ||     1
 Armour: Ring mail         ||    15
  Dodge: Dodged            ||    27

Table legend:
 A = Non-vault XP
 B = Vault XP
 C = Vault XP percentage of total XP
 D = Non-vault monster count
 E = Vault monster count
 F = Vault count percentage of total count
                 A         B        C        D         E       F
            +---------+---------+-------+---------+---------+-------
      Total |      50 |       0 |   0.0 |      14 |       0 |   0.0
            +---------+---------+-------+---------+---------+-------
        D:1 |      12 |       0 |   0.0 |       7 |       0 |   0.0
        D:2 |      38 |       0 |   0.0 |       7 |       0 |   0.0
            +---------+---------+-------+---------+---------+-------
